 Dungeon Crawl Stone Soup version 0.24.0-37-gcf1ca852f1 (webtiles) character file.

Game seed: 6078152756517165237, levelgen mode: deterministic

28803 Gruesph the Nimble (level 13, -6/78 HPs)
             Began as a Deep Elf Fire Elementalist on Nov 27, 2019.
             Was a High Priest of Sif Muna.
             Mangled by a seven-headed hydra (9 damage)
             ... on level 3 of the Lair of Beasts on Nov 28, 2019.
             The game lasted 01:51:12 (23642 turns).

Gruesph the Nimble (Deep Elf Fire Elementalist)    Turns: 23642, Time: 01:51:13

Health: -6/78      AC:  7    Str:  5    XL:     13   Next: 11%
Magic:  18/29      EV: 21    Int: 26    God:    Sif Muna [*****.]
Gold:   1072       SH:  5    Dex: 15    Spells: 11/32 levels left

rFire    + . .     SeeInvis +   b - +1 hunting sling (flame)
rCold    + . .     Gourm    .   F - +0 buckler
rNeg     . . .     Faith    .   P - +1 robe "Heuga" {rElec} (curse)
rPois    .         Spirit   .   N - +1 hat {MR+}
rElec    +         Reflect  .   j - scarf {rC+ rF+}
rCorr    .         Harm     .   y - +0 pair of gloves
MR       ++...                  e - +1 pair of boots
Stlth    ++........             B - amulet of regeneration
HPRegen  0.63/turn              s - ring of see invisible
MPRegen  0.21/turn              w - +1 ring of evasion

@: no status effects
A: no striking features
a: Channel Magic, Forget Spell, Divine Exegesis, Renounce Religion


You were on level 3 of the Lair of Beasts.
You worshipped Sif Muna.
Sif Muna was extremely pleased with you.
You were not hungry.

You visited 3 branches of the dungeon, and saw 16 of its levels.

You collected 1225 gold pieces.
You spent 153 gold pieces at shops.

Inventory:

Hand Weapons
 a - a +0 whip of electrocution
 b - a +1 hunting sling of flaming (weapon)
 A - a +1 dagger of speed
Missiles
 c - 38 poisoned darts
 g - 62 sling bullets (quivered)
 K - 9 curare-tipped darts
Armour
 e - a +1 pair of boots (worn)
 j - a scarf of resistance (worn)
 y - a +0 pair of gloves (worn)
 F - a +0 buckler (worn)
 N - a +1 hat of magic resistance (worn)
 P - the cursed +1 robe "Heuga" (worn) {rElec}
   (You found it on level 12 of the Dungeon)

   It insulates you from electricity.
   It has a curse placed upon it.
Jewellery
 s - a ring of see invisible (left hand)
 w - a +1 ring of evasion (right hand)
 B - an amulet of regeneration (around neck)
Wands
 q - a wand of iceblast (9)
 v - a wand of flame (6)
 x - a wand of paralysis (5)
 H - a wand of polymorph (14)
 L - a wand of digging (3)
Scrolls
 o - 6 scrolls of teleportation
 p - 3 scrolls of fog
 r - 6 scrolls of remove curse
 u - 2 scrolls of immolation
 C - a scroll of amnesia
Potions
 d - 4 potions of resistance
 h - a potion of heal wounds
 k - 4 potions of ambrosia
 l - 4 potions of mutation
 m - 2 potions of berserk rage
 n - a potion of haste
 t - 9 potions of curing
 z - 3 potions of agility
 D - a potion of lignification
 E - 2 potions of brilliance {unknown}
 G - a potion of flight
 I - a potion of might
Miscellaneous
 J - a lamp of fire (inert)
Comestibles
 f - 18 rations


   Skills:
 + Level 7.7 Fighting
 + Level 11.2 Dodging
 - Level 2.4 Stealth
 - Level 4.1 Shields
 - Level 10.3 Spellcasting
 - Level 10.0 Conjurations
 - Level 2.4 Summonings
 - Level 3.0 Translocations
 - Level 10.0 Fire Magic
 + Level 8.2 Invocations
 - Level 6.0 Evocations


You had 11 spell levels left.
You knew the following spells:

 Your Spells              Type           Power        Failure   Level  Hunger
a - Throw Flame           Conj/Fire      ######       1%          2    None
b - Conjure Flame         Conj/Fire      ######..     1%          3    None
c - Sticky Flame          Conj/Fire      ######..     1%          4    None
d - Fireball              Conj/Fire      ######....   1%          5    ####...
i - Call Imp              Summ           ####....     2%          2    None
m - Mephitic Cloud        Conj/Pois/Air  ####....     3%          3    None
z - Blink                 Tloc           N/A          1%          2    None

Your spell library contained the following spells:

 Spells                   Type           Power        Failure   Level  Hunger
 Flame Tongue             Conj/Fire      #####        1%          1    None
 Magic Dart               Conj           ####         1%          1    None
 Sting                    Conj/Pois      ####         1%          1    None
 Inner Flame              Hex/Fire       #####...     1%          3    None
 Poisonous Vapours        Pois/Air       ##....       7%          2    None
 Slow                     Hex            ##......     7%          2    None
 Venom Bolt               Conj/Pois      #####.....   16%         5    ####...
 Ice Form                 Ice/Tmut       ##......     41%         4    None
 Olgreb's Toxic Radiance  Pois           ##......     41%         4    None
 Bolt of Cold             Conj/Ice       #####.....   65%         6    #####..
 Metabolic Englaciation   Hex/Ice        ##........   77%         5    ####...
 Freezing Cloud           Conj/Ice/Air   ####......   86%         6    #####..
 Ozocubu's Refrigeration  Ice            ##........   100%        6    #####..
 Simulacrum               Ice/Necr       ##........   100%        6    #####..


Dungeon Overview and Level Annotations

Branches:
Dungeon (12/15)            Temple (1/1) D:7            Lair (3/6) D:8
    Orc (0/2) D:9
  Swamp: Lair:2-4    Shoals: Lair:2-4     Snake: Lair:2-4    Spider: Lair:2-4

Altars:
Ashenzari
Cheibriados
Dithmenos
Elyvilon
Fedhas
Gozag
Hepliaklqana
Kikubaaqudgha
Makhleb
Nemelex Xobeh
Okawaru
Qazlal
Ru
Sif Muna
Trog
Uskayaw
Vehumet
Wu Jian
Xom
Yredelemnul
Zin
The Shining One

Shops:
D:7 [   D:9 ([


Message History

The seven-headed hydra is severely wounded.
The seven-headed hydra burns!
You block the seven-headed hydra's attack.
The seven-headed hydra bites you!
You block the seven-headed hydra's attack.
The seven-headed hydra bites you! x3
The seven-headed hydra barely misses you.
The bullfrog misses you.
A yak comes into view.
The seven-headed hydra burns!
You block the bullfrog's attack.
The seven-headed hydra completely misses you.
The seven-headed hydra closely misses you.
The seven-headed hydra bites you!!
* * * LOW HITPOINT WARNING * * *
The seven-headed hydra barely misses you.
You block the seven-headed hydra's attack.
The seven-headed hydra bites you!
* * * LOW HITPOINT WARNING * * *
The seven-headed hydra bites you!
You die...

## ##### ## ..#
.##.P#.##.#..#
.............#
Y.....DF.....##
.......@......#
.####.........#
###......##
#.......#
.......##
P.......#
#.......#
#......##


You could see a seven-headed hydra (burning), a yak and a bullfrog.

Vanquished Creatures
  Gastronok (D:8)
  Erolcha (D:9)
  4 hydras
  4 two-headed ogres
  Sonja (D:11)
  Pikel (D:6)
  A cyclops (D:12)
  6 ugly things
  Maurice (D:9)
  2 centaur zombies
  Psyche (D:8)
  3 centaur skeletons
  4 spiny frogs
  A rime drake (Lair:2)
  3 komodo dragons (Lair:2)
  4 trolls
  2 hippogriffs
  4 slime creatures (D:11)
  3 shadows
  A wraith (D:11)
  22 yaks
  A steam dragon (D:12)
  3 water moccasins
  2 porcupines (Lair:1)
  3 orc warriors
  4 sky beasts
  A black bear (D:6)
  4 ice beasts
  3 phantoms
  3 slaves
  6 ogres
  16 wolves
  A necrophage (D:12)
  3 centaurs
  A crocodile (Lair:2)
  6 big kobolds
  A gnoll sergeant (D:9)
  9 bullfrogs
  6 scorpions
  A water moccasin skeleton (D:7)
  A wyvern skeleton (D:12)
  3 wights (D:8)
  6 killer bees (D:12)
  5 howler monkeys
  An electric eel (D:8)
  3 crimson imps
  11 hounds
  2 bullfrog skeletons
  7 jellies
  2 orc priests
  7 orc wizards
  Jessica (D:2)
  Ijyb (D:3)
  An iguana (D:9)
  7 worker ants
  A killer bee zombie (D:10)
  A hound zombie (D:10)
  4 hound skeletons
  A howler monkey zombie (D:8)
  A worker ant zombie (D:10)
  4 gnolls (D:9)
  12 adders
  2 shadow imps
  6 oozes
  An adder skeleton (D:6)
  2 adder zombies (D:8)
  2 worms
  4 leopard geckos
  43 orcs
  A ball python (D:1)
  10 giant cockroaches
  13 goblins
  9 hobgoblins
  13 jackals
  30 kobolds
  8 quokkas
  7 bats
  4 frilled lizards
  A leopard gecko zombie (D:6)
  2 quokka skeletons
  6 rats
390 creatures vanquished.

Vanquished Creatures (collateral kills)
  3 crimson imps (D:7)
  A worker ant (D:9)
4 creatures vanquished.

Vanquished Creatures (others)
  A slave (D:7)
  2 orcs
3 creatures vanquished.

Grand Total: 397 creatures vanquished

Notes
Turn   | Place    | Note
-------+----------+-------------------------------------------
     0 | D:1      | Gruesph the Deep Elf Fire Elementalist began the quest for
                  | the Orb.
     0 | D:1      | Reached XP level 1. HP: 10/10 MP: 6/6
   236 | D:1      | Reached XP level 2. HP: 15/15 MP: 4/8
   843 | D:1      | Reached XP level 3. HP: 19/19 MP: 8/10
   913 | D:1      | You fall into a shaft and drop 1 floor!
   947 | D:2      | Learned a level 2 spell: Blink
  1426 | D:2      | Learned a level 3 spell: Conjure Flame
  1634 | D:2      | Noticed Jessica
  1652 | D:2      | Killed Jessica
  1652 | D:2      | Reached skill level 1 in Translocations
  1652 | D:2      | Reached XP level 4. HP: 24/24 MP: 8/12
  2406 | D:3      | Noticed Ijyb
  2427 | D:3      | Killed Ijyb
  2427 | D:3      | Reached XP level 5. HP: 25/28 MP: 9/13
  2696 | D:3      | Found a snail-covered altar of Cheibriados.
  2813 | D:3      | Found a faded altar of an unknown god.
  3202 | D:3      | Learned a level 4 spell: Sticky Flame
  3206 | D:3      | Learned a level 3 spell: Mephitic Cloud
  3295 | D:4      | Noticed an ogre
  3399 | D:4      | Found a shimmering blue altar of Sif Muna.
  3404 | D:4      | Became a worshipper of Sif Muna the Loreminder
  3544 | D:4      | Reached skill level 5 in Spellcasting
  3654 | D:4      | Reached XP level 6. HP: 27/32 MP: 10/15
  3970 | D:4      | Found an opulent altar of Gozag.
  4075 | D:4      | Found a shimmering altar of Xom.
  4149 | D:4      | Reached skill level 5 in Fire Magic
  4582 | D:5      | Entered Level 5 of the Dungeon
  4664 | D:5      | Reached XP level 7. HP: 36/36 MP: 7/17
  4856 | D:5      | Found Zin's Purification Station.
  4859 | D:5      | Found a glowing silver altar of Zin.
  4874 | D:5      | Bought a potion of curing for 90 gold pieces
  5612 | D:5      | Learned a level 2 spell: Throw Flame
  5660 | D:6      | Reached skill level 5 in Conjurations
  6171 | D:6      | Reached XP level 8. HP: 35/41 MP: 0/20
  6516 | D:6      | Found a radiant altar of Vehumet.
  6736 | D:6      | Learned a level 2 spell: Call Imp
  6742 | D:6      | Learned a level 5 spell: Fireball
  6805 | D:6      | Found a hazy altar of Hepliaklqana.
  7275 | D:6      | Found a hazy altar of Hepliaklqana.
  7385 | D:7      | Noticed Pikel
  7451 | D:6      | Killed Pikel
  7801 | D:7      | Reached XP level 9. HP: 41/45 MP: 15/23
  7804 | D:7      | Reached * piety under Sif Muna
  7980 | D:7      | Found a staircase to the Ecumenical Temple.
  7989 | Temple   | Entered the Ecumenical Temple
  8363 | D:7      | Found Bygamega's Armour Shop.
  8744 | D:8      | Noticed Psyche
  8746 | D:8      | Noticed a two-headed ogre
  8857 | D:8      | Noticed a troll
  9080 | D:7      | Killed a two-headed ogre
  9080 | D:7      | Reached skill level 10 in Spellcasting
  9293 | D:7      | Found Bygamega's Armour Shop.
  9506 | D:7      | Found a staircase to the Ecumenical Temple.
  9877 | D:8      | Reached ** piety under Sif Muna
  9880 | D:8      | Killed Psyche
  9880 | D:8      | Reached XP level 10. HP: 40/50 MP: 10/26
 10285 | D:8      | Reached skill level 10 in Fire Magic
 10767 | D:8      | Noticed Gastronok
 10854 | D:9      | Reached skill level 1 in Invocations
 10923 | D:9      | Reached skill level 3 in Dodging
 11002 | D:9      | Found Habo's Weapon Shoppe.
 11013 | D:9      | Found a staircase to the Orcish Mines.
 11041 | D:9      | Reached skill level 1 in Fighting
 11136 | D:9      | Found Ceeloogh's Armour Shoppe.
 11201 | D:9      | Bought a +0 helmet for 63 gold pieces
 11240 | D:9      | Noticed Erolcha
 11266 | D:9      | Killed Erolcha
 11266 | D:9      | Reached skill level 4 in Dodging
 11266 | D:9      | Reached skill level 10 in Conjurations
 11492 | D:9      | Reached *** piety under Sif Muna
 11526 | D:9      | Reached skill level 1 in Evocations
 11833 | D:9      | Noticed Maurice
 11841 | D:9      | Killed Maurice
 12407 | D:9      | Found the +10 Black Knight's horse barding {ponderous,
                  | rPois rN+}
 12432 | D:9      | Reached skill level 5 in Dodging
 13081 | D:9      | Reached XP level 11. HP: 53/60 MP: 13/27
 13382 | D:10     | Entered Level 10 of the Dungeon
 13692 | D:10     | Noticed a two-headed ogre
 13825 | D:10     | Reached skill level 1 in Shields
 13885 | D:10     | Reached skill level 6 in Dodging
 13974 | D:10     | Reached **** piety under Sif Muna
 15074 | D:10     | Killed a two-headed ogre
 15074 | D:10     | Reached skill level 7 in Dodging
 15392 | D:11     | Noticed a green ugly thing
 15403 | D:11     | Killed a green ugly thing
 15559 | D:11     | Noticed a green ugly thing
 15565 | D:11     | Noticed Sonja
 15566 | D:11     | Killed a green ugly thing
 15654 | D:11     | Killed Sonja
 15654 | D:11     | Reached skill level 5 in Fighting
 16003 | D:11     | Noticed a cyan ugly thing
 16010 | D:11     | Killed a cyan ugly thing
 16010 | D:11     | Reached skill level 8 in Dodging
 16429 | D:11     | Noticed a four-headed hydra
 16455 | D:11     | Killed a four-headed hydra
 16763 | D:11     | Noticed a five-headed hydra
 16778 | D:11     | Killed a five-headed hydra
 17263 | D:8      | Reached XP level 12. HP: 69/69 MP: 13/28
 17701 | D:8      | Found a staircase to the Lair.
 17748 | D:8      | Got a warped leather armour
 17749 | D:8      | Identified the +2 leather armour of Wameucef {Str+5 Int+2}
                  | (You found it on level 8 of the Dungeon)
 17777 | D:8      | Found a staircase to the Lair.
 17822 | D:8      | Killed Gastronok
 17822 | D:8      | Reached skill level 9 in Dodging
 17822 | D:8      | Reached skill level 5 in Invocations
 18476 | D:12     | Noticed a five-headed hydra
 18720 | D:12     | Reached skill level 5 in Evocations
 18871 | D:12     | Reached ***** piety under Sif Muna
 18887 | D:12     | Noticed a two-headed ogre
 18896 | D:12     | Killed a two-headed ogre
 19068 | D:12     | Noticed a two-headed ogre
 19140 | D:12     | Killed a two-headed ogre
 19256 | D:12     | Got a distressingly furry robe
 19257 | D:12     | Identified the +2 robe of Xacsoig {Regen+ Int+5 Dex-3} (You
                  | found it on level 12 of the Dungeon)
 19478 | D:12     | Got a ripped robe
 19479 | D:12     | Identified the cursed +1 robe "Heuga" {rElec} (You found it
                  | on level 12 of the Dungeon)
 19601 | D:12     | Reached skill level 10 in Dodging
 19672 | D:12     | Killed a five-headed hydra
 19971 | D:12     | Got a crude hunting sling
 19972 | D:12     | Identified the +9 hunting sling of Growth {venom, *Corrode
                  | Str+8 Int+7 Stlth+} (You found it on level 12 of the
                  | Dungeon)
 20413 | D:12     | Received a gift from Sif Muna
 21178 | Lair:1   | Entered Level 1 of the Lair of Beasts
 21319 | Lair:1   | Got a jewelled ring mail
 21900 | Lair:1   | Identified the cursed +0 ring mail of Watchfulness {Str+3}
                  | (You found it on level 1 of the Lair of Beasts)
 21946 | Lair:2   | Noticed a seven-headed hydra
 21976 | Lair:2   | Killed a seven-headed hydra
 22484 | Lair:2   | Reached XP level 13. HP: 76/76 MP: 17/29
 22739 | Lair:2   | Reached skill level 11 in Dodging
 23642 | Lair:3   | HP: 3/78 [seven-headed hydra (10)]
 23642 | Lair:3   | Mangled by a seven-headed hydra

Levels and vault maps discovered:
D:1:      dpeg_arrival_water_fire, layout_basic
D:2:      layout_basic, first_ration, uniq_jessica
D:3:      layout_loops_cross, cheibriados_altar_1,
          chequers_ecumenical_altar_simple, uniq_ijyb
D:4:      layout_gridville, marbit_many_paths, nicolae_gozag_seed_capital,
          kennysheep_mini_moat
D:5:      layout_basic, zin_purify
D:6:      layout_basic, vehumet_altar_wand_db, basic_altar
D:7:      layout_rooms, minmay_temple_entry_nine_rooms, serial_shops, shop,
          uniq_pikel
D:8:      layout_cave_pods, erik_lair_island, hangedman_little_slice_of_home,
          uniq_gastronok, uniq_psyche
D:9:      minmay_evil_eye, layout_irregular_city, orc_david_3,
          serial_co_window_serial, co_window_paths_b, co_window_paths_a,
          co_window_paths_a, co_window_paths_a, co_window_paths_a,
          co_window_broadway_b, co_window_of_opportunity_b, co_window_corner_b,
          co_window_unsneaky_path_a, co_window_4corner_b, glass_columns_c,
          glass_columns_a, uniq_maurice, uniq_erolcha
D:10:     layout_layer_cave
D:11:     layout_basic, uniq_sonja
D:12:     layout_grid_maze
Temple:   compressed_dpeg_circular_temple
Lair:1:   layout_long_grid, st_stairs_10
Lair:2:   layout_regular_city, serial_bayou_shore_b, lemuel_fruit_fields
Lair:3:   layout_chaotic_city, swamp_mist, grunt_megastairs_4,
          lemuel_fruit_tree, infiniplex_staircase_pool

Skill      XL: |  1  2  3  4  5  6  7  8  9 10 11 12 13 |
---------------+----------------------------------------+-----
Conjurations   | 2 3 4 5 7 9 10 | 10.0
Spellcasting   | 4 5 7 8 10 | 10.3
Translocations | 1 2 3 |  3.0
Fire Magic     | 4 5 6 7 9 10 | 10.0
Summonings     | 2 |  2.4
Invocations    | 4 7 8 |  8.2
Dodging        | 5 8 10 11 | 11.2
Fighting       | 3 5 7 |  7.7
Evocations     | 3 6 |  6.0
Shields        | 4 |  4.1
Stealth        | |  2.4

Action                   |  1- 3 |  4- 6 |  7- 9 | 10-12 | 13-15 || total
-------------------------+-------+-------+-------+-------+-------++-------
Melee: Dagger            |       |     1 |       |       |       ||     1
       Whip              |       |       |    26 |    54 |    12 ||    92
 Fire: Hunting sling     |       |    93 |    43 |   128 |     4 ||   268
Throw: Dart              |       |       |       |     1 |       ||     1
 Cast: Flame Tongue      |    58 |    98 |    24 |       |       ||   180
       Blink             |       |     2 |     5 |     6 |       ||    13
       Conjure Flame     |       |     4 |     4 |    20 |       ||    28
       Sticky Flame      |       |     3 |    11 |    52 |     6 ||    72
       Throw Flame       |       |       |   128 |   465 |    42 ||   635
       Mephitic Cloud    |       |       |     1 |     7 |     1 ||     9
       Fireball          |       |       |     9 |    37 |     3 ||    49
       Call Imp          |       |       |     7 |     7 |       ||    14
Invok: Channel Magic     |       |       |       |     1 |       ||     1
Evoke: Wand              |       |       |     5 |    24 |       ||    29
       Lamp of fire      |       |       |       |     2 |       ||     2
  Use: Scroll            |       |    13 |     2 |    14 |       ||    29
 Stab: Sleeping          |       |     1 |       |       |       ||     1
  Eat: Chunk             |     2 |     6 |    11 |    23 |     4 ||    46
       Ration            |       |     1 |     2 |     6 |       ||     9
Armor: Robe              |     1 |    10 |    28 |     3 |     3 ||    45
       Troll leather arm |       |       |       |    25 |       ||    25
       Leather armour    |       |       |       |     6 |       ||     6
Dodge: Dodged            |     9 |    30 |    68 |   147 |    25 ||   279
Block: Buckler           |       |       |       |    32 |    17 ||    49
